 Dungeon Crawl Stone Soup version 0.31.0-32-g396128a36d (webtiles) character file.

Game seed: 8151471883023278666

767 chippings the Changeling (level 7, 0/58 HPs)
             Began as a Green Draconian Shapeshifter on Mar 29, 2024.
             Was an Initiate of Ru.
             Slain by a gnoll sergeant
             ... wielding a +0 spear
              (8 damage)
             ... on level 4 of the Dungeon.
             The game lasted 00:10:12 (4527 turns).

chippings the Changeling (DrSh)                     Turns: 4527, Time: 00:10:12

Health: 0/58       AC:  6    Str: 16    XL:     7   Next: 52%
Magic:  2/2        EV: 12    Int: 13    God:    Ru [......]
Gold:   291        SH:  0    Dex: 10    Spells: 6/6 levels left

rFire   . . .        t - +5 demon whip "Spellbinder" {antimagic, disrupt, Will+}
rCold   . . .        (no shield)
rNeg    . . .        (body armour unavailable)
rPois   +            (helmet currently unavailable)
rElec   .            (cloak currently unavailable)
rCorr   .            (gloves currently unavailable)
SInv    .            (boots currently unavailable)
Will    +....        j - amulet of faith
Stlth   +            (no ring)
HPRegen 0.29/turn    (no ring)
MPRegen 0.08/turn

%: faith
@: beast-form
A: beast (slay +3), breathe noxious fumes, AC +6, unfitting armour, poison
resistance, cold-blooded
a: Breathe Noxious Fumes, Begin Untransformation, Renounce Religion


You were on level 4 of the Dungeon.
You worshipped Ru.
Ru was noncommittal.
You were a hulking beast.
You visited 2 branches of the dungeon, and saw 5 of its levels.

You collected 291 gold pieces.

Inventory:

Hand Weapons
 t - the +5 demon whip "Spellbinder" (weapon) {antimagic, disrupt, Will+}
   (You found it on level 4 of the Dungeon)

   Will+:     It increases your willpower.
Armour
 m - a +0 pair of boots
Jewellery
 j - an amulet of faith (around neck)
Talismans
 b - a beast talisman
 c - a flux talisman
Scrolls
 a - a scroll of summoning {unknown}
 d - a scroll of amnesia {unknown}
 f - a scroll of revelation
 i - 2 scrolls of teleportation
 n - a scroll of immolation {unknown}
 o - 3 scrolls of noise
 p - a scroll of blinking {unknown}
 q - a scroll of enchant armour {unknown}
 r - a scroll of fear {unknown}
 s - a scroll of vulnerability {unknown}
 u - 2 scrolls of identify
 v - a scroll of enchant weapon {unknown}
Potions
 e - a potion of curing {unknown}
 g - 2 potions of berserk rage {unknown}
 h - 2 potions of attraction {unknown}
 k - a potion of resistance {unknown}
 l - a potion of magic {unknown}


   Skills:
 + Level 3.8 Fighting
 * Level 1.4 Maces & Flails
 + Level 3.6 Dodging
 - Level 4.4 Unarmed Combat
 + Level 1.6 Necromancy
 + Level 1.7 Ice Magic
 + Level 5.2 Shapeshifting


You had 6 spell levels left.
You didn't know any spells.
Your spell library contained the following spells:

 Spells                   Type           Power      Damage    Failure   Level
 Ensorcelled Hibernation  Hex/Ice        4%         N/A       32%         2
 Frozen Ramparts          Ice            8%         1d2       43%         3
 Fugue of the Fallen      Necr           4%         N/A       43%         3
 Ozocubu's Armour         Ice            4%         N/A       43%         3
 Call Canine Familiar     Summ           0%         N/A       67%         3
 Dazzling Flash           Conj/Hex       0%         N/A       67%         3
 Sigil of Binding         Hex            0%         N/A       67%         3
 Volatile Blastmotes      Fire/Tloc      0%         2d10      67%         3
 Anguish                  Hex/Necr       1%         N/A       92%         4
 Dimensional Bullseye     Hex/Tloc       0%         N/A       97%         4
 Leda's Liquefaction      Alch/Erth      0%         N/A       97%         4
 Petrify                  Alch/Erth      0%         N/A       97%         4
 Metabolic Englaciation   Hex/Ice        1%         N/A       99%         5
 Sculpt Simulacrum        Ice/Alch       1%         N/A       100%        6
 Starburst                Conj/Fire      0%         6d3       100%        6
 Maxwell's Capacitive Co  Air            0%         ∞         100%        8


Dungeon Overview and Level Annotations

Branches:
Dungeon (4/15)             Temple (1/1) D:4

Altars:
Dithmenos
Fedhas
Gozag
Hepliaklqana
Nemelex Xobeh
Okawaru
Qazlal
Ru
Sif Muna
Uskayaw
Vehumet
Wu Jian
Xom

Annotations:
D:4 2 runed translucent doors


Innate Abilities, Weirdness & Mutations

You are a hulking beast.
Your limbs bulge with bestial killing power. (Slay +3)
You can breathe blasts of noxious fumes.
Your lurid green scales are hard. (AC +6)
You cannot fit into any form of body armour.
Your system is resistant to poisons. (rPois)
You are cold-blooded and may be slowed by cold attacks.


Message History

You open the large door.
The gnoll sergeant hits you but does no damage.
The scorpion attacks as it pursues you! The scorpion stings you. x2
The scorpion attacks as it pursues you! The scorpion stings you.
There is an open door here.
You hit the scorpion.
The scorpion is moderately wounded.
The scorpion barely misses you. The scorpion stings you.
You hit the scorpion.
You tail-slap the scorpion, but do no damage.
The scorpion is severely wounded.
The gnoll sergeant hits you from afar with a +0 spear.
The scorpion stings you but does no damage.
You hit the scorpion.
You kill the scorpion!
The gnoll sergeant hits you from afar with a +0 spear.
You whack the orc warrior!
The orc warrior is moderately wounded.
The orc warrior hits you with a +0 flail!
The gnoll sergeant hits you from afar with a +0 spear.
You whack the orc warrior!
You tail-slap the orc warrior, but do no damage.
The orc warrior is severely wounded.
The orc warrior barely misses you.
The gnoll sergeant hits you from afar with a +0 spear.
You hit the orc warrior.
The orc warrior is severely wounded.
The orc warrior closely misses you.
The gnoll sergeant hits you from afar with a +0 spear!
* * * LOW HITPOINT WARNING * * *
You barely miss the orc warrior.
The orc warrior is severely wounded.
The orc warrior hits you with a +0 flail.
* * * LOW HITPOINT WARNING * * *
The gnoll sergeant barely misses you.
You hit the orc warrior but do no damage.
The orc warrior is severely wounded.
The orc warrior closely misses you.
The gnoll sergeant hits you from afar with a +0 spear!
You die...

###.###...#.#.##.'.##++##...#
.#...###..#.##.#####8..8##..#
.....##...##.#..# #8....8#..#
....###....###### #[....|#..#
...## ###..###### #)....[#..#
##.## #.##.)..# #8..!.8#..#
#...## ##.#..#######8..8##..#
.....###..#.##.#.og##''##...#
......##..#.#[#.h#..g.....#.#
.._.......#.####.#..........#
......#...##....##.##########
.....##....######..#
#...######........## ##.##
########## ...## ....# ...##


You could see an orc warrior and a gnoll sergeant.

Vanquished Creatures
  An orc warrior (D:4)
  A kobold brigand (D:4)
  A scorpion (D:4)
  A bombardier beetle (D:4)
  A jelly (D:3)
  3 orc priests
  2 hounds (D:4)
  An iguana (D:4)
  5 orc wizards
  6 adders
  4 ribbon worms
  2 dart slugs
  18 orcs
  10 ball pythons
  2 bats
  7 endoplasms
  4 giant cockroaches
  6 goblins
  10 hobgoblins
  4 jackals (D:3)
  8 kobolds
  3 quokkas
  3 frilled lizards
  4 rats
107 creatures vanquished.

Notes
Turn   | Place    | Note
-------+----------+-------------------------------------------
     0 | D:1      | chippings the Draconian Shapeshifter began the quest for
                  | the Orb.
     0 | D:1      | Reached XP level 1. HP: 16/16 MP: 1/1
   165 | D:1      | Reached XP level 2. HP: 21/23 MP: 2/2
  1230 | D:2      | Reached XP level 3. HP: 27/29 MP: 3/3
  1840 | D:2      | Reached XP level 4. HP: 36/36 MP: 4/4
  2054 | D:3      | Reached skill level 4 in Shapeshifting
  2116 | D:3      | Reached XP level 5. HP: 16/42 MP: 5/5
  2776 | D:3      | Reached XP level 6. HP: 8/51 MP: 6/6
  3334 | D:4      | Found a staircase to the Ecumenical Temple.
  3347 | Temple   | Entered the Ecumenical Temple
  3412 | Temple   | Became a worshipper of Ru the Awakened
  3586 | D:4      | Reached skill level 5 in Shapeshifting
  3618 | D:4      | Reached skill level 1 in Ice Magic
  3772 | D:4      | Found an ornate altar of the Wu Jian Council.
  3893 | D:4      | Found a large runed translucent door.
  3893 | D:4      | Found a large runed translucent door.
  3897 | D:4      | Noticed an orc warrior
  3942 | D:4      | Found a large runed translucent door.
  3942 | D:4      | Found a large runed translucent door.
  3963 | D:4      | Reached skill level 1 in Necromancy
  3972 | D:4      | Found the +5 demon whip "Spellbinder" {antimagic, disrupt,
                  | Will+}
  3984 | D:4      | Your scales start taking on a lurid green colour.
  3984 | D:4      | Reached XP level 7. HP: 47/57 MP: 7/7
  3984 | D:4      | Gained mutation: Your system is resistant to poisons.
                  | (rPois) [Green Draconian growth]
  4064 | D:4      | Reached skill level 1 in Maces & Flails
  4258 | D:4      | Found an opulent altar of Gozag.
  4527 | D:4      | Slain by a gnoll sergeant

Illustrated notes

Levels and vault maps discovered:
D:1:      dpeg_arrival_signposts, layout_basic, serial_corexii_hall,
          corexii_hall_statues_i, corexii_hall_statues_s, minivault_19
D:2:      layout_basic
D:3:      layout_basic
D:4:      cheibrodos_pilgrimage, layout_cave_pools, lemuel_round_altar,
          nicolae_gozag_cash_rules_everything_around_me,
          minmay_temple_entry_waves, minmay_hollow_rounded_squares
Temple:   hellmonk_temple_of_storms

Skill      XL: |  1  2  3  4  5  6  7 |
---------------+----------------------+-----
Dodging        | 2 3 |  3.6
Fighting       | 2 3 |  3.8
Shapeshifting  | 4 5 |  5.2
Unarmed Combat | 4 |  4.4
Ice Magic      | 1 |  1.7
Necromancy     | 1 |  1.6
Maces & Flails | 1 |  1.4

Action                     |  1- 3 |  4- 6 |  7- 9 || total
---------------------------+-------+-------+-------++-------
  Melee: Unarmed           |   118 |   225 |       ||   343
         Tailslap          |    18 |    29 |     4 ||    51
         Punch             |     3 |     7 |       ||    10
         Demon whip        |       |       |    23 ||    23
    Use: Scroll            |       |     4 |       ||     4
         Potion            |       |     2 |       ||     2
   Stab: Sleeping          |     1 |       |       ||     1
 Armour: Skin              |    58 |   167 |    21 ||   246
  Dodge: Dodged            |    57 |   105 |    13 ||   175
